 Dungeon Crawl Stone Soup version 0.27.0-1-g7a089689b8 (webtiles) character file.

Game seed: 9687151727255922267

189 soberaf the Vexing (level 5, -1/33 HPs)
             Began as an Octopode Arcane Marksman on Aug 10, 2021.
             Slain by a phantom (8 damage)
             ... on level 4 of the Dungeon.
             The game lasted 00:23:09 (5039 turns).

soberaf the Vexing (Octopode Arcane Marksman)       Turns: 5039, Time: 00:23:10

Health: -1/33      AC:  1    Str:  9    XL:     5   Next: 68%
Magic:  8/8        EV: 13    Int: 17    God:
Gold:   222        SH:  0    Dex: 12    Spells: 1/8 levels left

rFire    . . .     SeeInvis .   a - +0 dagger
rCold    . . .     Faith    .   (no shield)
rNeg     . . .     Spirit   .   (helmet restricted)
rPois    .         Reflect  .   i - amulet of magic regeneration
rElec    .         Harm     .   m - ring of resist corrosion
rCorr    +         Rampage  .   (no ring)
Will     .....                  (no ring)
Stlth    +++.......             (no ring)
HPRegen  0.11/turn              (no ring)
MPRegen  0.36/turn              (no ring)
                                (no ring)
                                (no ring)

@: no status effects
A: almost no armour, amphibious, 8 rings, camouflage 1, gelatinous body 1,
(nimble swimmer 1), tentacles
a: no special abilities


You were on level 4 of the Dungeon.
You visited 1 branch of the dungeon, and saw 4 of its levels.

You collected 222 gold pieces.

Inventory:

Hand Weapons
 a - a +0 dagger (weapon)
Missiles
 b - 2 throwing nets
 f - 2 javelins
 g - 65 stones (quivered)
Jewellery
 h - a ring of ice
 i - an amulet of magic regeneration (around mantle)
 m - a ring of resist corrosion (left tentacle)
Potions
 c - a potion of curing {unknown}
 d - a potion of degeneration {unknown}
 e - a potion of attraction {unknown}
 l - a potion of might {unknown}


   Skills:
 + Level 1.2 Fighting
 + Level 0.7 Short Blades
 + Level 3.1 Throwing
 + Level 2.6 Dodging
 + Level 2.3 Stealth
 + Level 0.2 Unarmed Combat
 + Level 2.3 Spellcasting
 + Level 4.0 Hexes


You had one spell level left.
You knew the following spells:

 Your Spells              Type           Power      Damage    Failure   Level
a - Corona                Hex            16%        N/A       3%          1
b - Slow                  Hex            15%        N/A       5%          2
c - Cause Fear            Hex            7%         N/A       34%         4

Your spell library contained the following spells:

 Spells                   Type           Power      Damage    Failure   Level
 Inner Flame              Hex/Fire       8%         N/A       26%         3
 Portal Projectile        Hex/Tloc       16%        N/A       26%         3
 Static Discharge         Conj/Air       1%         N/A       28%         2
 Dispel Undead            Necr           1%         3d6       88%         4
 Sticky Flame             Conj/Fire      1%         2d3       88%         4


Dungeon Overview and Level Annotations

Branches:
Dungeon (4/15)
 Temple: D:4-7

Altars:
Ru

Annotations:
D:3 1 runed translucent door, exclusion: door
D:4 Blork the orc


Innate Abilities, Weirdness & Mutations

You cannot wear most types of armour.
You are amphibious.
You can wear up to eight rings at the same time.
Your skin changes colour to match your surroundings (Stealth+).
Your rubbery body absorbs attacks. (AC +1, EV +1)
((You are camouflaged near water. (Stealth+)))
You have tentacles for arms and can constrict up to eight enemies at once.


Message History

You feel much better. The phantom barely misses you.
You hit the phantom but do no damage.
The phantom is heavily damaged.
Casting: Slow (safe; 5% risk of failure)
Confirm with . or Enter, or press ? or * to list all spells.
Aiming: Corona (safe; 3% risk of failure)
Press: ? - help, Shift-Dir - straight line, f/p - phantom
Aim: a phantom (heavily damaged, slow, chance to affect: 34%)
The phantom is outlined in light.
The phantom closely misses you.
You hit the phantom but do no damage.
The phantom is heavily damaged.
The phantom hits you.
The phantom blinks!
You blink.
You hit the phantom but do no damage.
The phantom is heavily damaged.
You hit the phantom.
The phantom is heavily damaged.
The phantom misses you.
You hit the phantom but do no damage.
The phantom is heavily damaged.
The phantom hits you.
You hit the phantom.
The phantom is heavily damaged.
You hit the phantom but do no damage.
The phantom is heavily damaged.
The phantom barely misses you.
You hit the phantom. You squeeze the phantom!
The phantom is almost destroyed.
The phantom stops glowing.
The phantom hits you!
* * * LOW HITPOINT WARNING * * *
The phantom blinks!
You blink.
Casting: Corona (safe; 3% risk of failure)
Confirm with . or Enter, or press ? or * to list all spells.
Aiming: Corona (safe; 3% risk of failure)
Press: ? - help, Shift-Dir - straight line, f/p - phantom
Aim: a phantom (almost destroyed, slow, chance to affect: 34%)
The phantom is outlined in light.
You hit the phantom.
The phantom is almost destroyed.
The phantom hits you!
You die...

#..####
#.##.#.###.##
#.....###.##.#.#....
#.##.#...........#
#.###.###.##.#.###
#.........##.#.#
############.#..
#.#### ###.###
#.W@..# #.#.#.#
#<#.....
............#.#
#######..^..#.#
#.....# . #.#.#.# #
#.....# ###.###


You could see a phantom (slow, corona).

Vanquished Creatures
  A water moccasin skeleton (D:4)
  A hound (D:4)
  A hound skeleton (D:4)
  4 adders
  An adder skeleton (D:4)
  2 worms
  2 orcs (D:3)
  4 endoplasms
  3 giant cockroaches
  6 goblins
  2 hobgoblins
  3 kobolds
  3 quokkas
  6 ball pythons
  6 bats
  5 frilled lizards
  7 rats
57 creatures vanquished.

Notes
Turn   | Place    | Note
-------+----------+-------------------------------------------
     0 | D:1      | soberaf the Octopode Arcane Marksman began the quest for
                  | the Orb.
     0 | D:1      | Reached XP level 1. HP: 13/13 MP: 2/2
   394 | D:1      | Reached XP level 2. HP: 18/18 MP: 2/4
   704 | D:1      | Found a faded altar of an unknown god.
  1488 | D:2      | Reached XP level 3. HP: 2/23 MP: 5/5
  1488 | D:2      | HP: 1/23 [poisoned by an adder]
  2127 | D:2      | Learned a level 2 spell: Slow
  2195 | D:2      | Reached skill level 1 in Stealth
  2727 | D:2      | Reached XP level 4. HP: 28/28 MP: 3/6
  2845 | D:3      | Found a sacrificial altar of Ru.
  3850 | D:3      | Found a runed translucent door.
  4031 | D:4      | Noticed Blork the orc
  4317 | D:4      | Noticed a phantom
  4658 | D:4      | Reached XP level 5. HP: 18/33 MP: 3/8
  4663 | D:4      | Learned a level 4 spell: Cause Fear
  4859 | D:4      | Noticed a water moccasin
  4993 | D:4      | Reached skill level 4 in Hexes
  5039 | D:4      | Slain by a phantom

Illustrated notes

Levels and vault maps discovered:
D:1:      matt_arrival_los_fun, layout_rooms,
          dreamdust_ecumenical_altar_angels_and_demons
D:2:      layout_basic, minmay_misc_feat_tiny
D:3:      layout_loops_corners, mainiacjoe_overflow_chevrons,
          hangedman_decor_lopped, uniq_crazy_yiuf_cottage
D:4:      layout_loops_corners, minmay_manual_mess, uniq_blork_the_orc

Skill      XL: |  1  2  3  4  5 |
---------------+----------------+-----
Stealth        | 1 2 |  2.3
Throwing       | 3 |  3.1
Spellcasting   | 2 |  2.3
Hexes          | 4 |  4.0
Fighting       | |  1.2
Short Blades   | |  0.7
Dodging        | |  2.6
Unarmed Combat | |  0.2

Action                   |  1- 3 |  4- 6 || total
-------------------------+-------+-------++-------
Melee: Dagger            |    62 |    91 ||   153
       Constrict         |    19 |    19 ||    38
       Unarmed           |     4 |       ||     4
       Tentacles         |    14 |    20 ||    34
Throw: Javelin           |    14 |     2 ||    16
       Stone             |    15 |    55 ||    70
       Throwing net      |     2 |       ||     2
 Cast: Corona            |    20 |    29 ||    49
       Slow              |     1 |    14 ||    15
  Use: Potion            |       |     3 ||     3
       Scroll            |       |     2 ||     2
 Stab: Sleeping          |     6 |     4 ||    10
Armor: Skin              |     4 |     9 ||    13
Dodge: Dodged            |    43 |    43 ||    86
